 Dungeon Crawl Stone Soup version 0.17-a0-1838-g891d947 (webtiles) character file.

90 enrike the Bolt Thrower (level 4, -18/39 HPs)
             Began as a Deep Dwarf Hunter on Sept 14, 2015.
             Was a Follower of Nemelex Xobeh.
             Demolished by an ogre
             ... wielding a +0 giant club
             ... created by the fury of Okawaru
              (24 damage)
             ... on level 3 of the Dungeon on Sept 15, 2015.
             The game lasted 00:29:12 (2656 turns).

enrike the Bolt Thrower (Deep Dwarf Hunter)         Turns: 2656, Time: 00:29:12

Health: -18/39     AC:  4    Str: 16    XL:     4   Next: 32%
Magic:  4/4        EV:  4    Int: 11    God:    Nemelex Xobeh [*.....]
Gold:   91         SH:  7    Dex: 14    Spells: 0 memorised, 3 levels left

rFire  . . .     SeeInvis .     c - +0 short sword
rCold  . . .     Clarity  .     d - +1 leather armour
rNeg   . . .     SustAt   .     g - +0 shield
rPois  .         Gourm    .     (no helmet)
rElec  .         Spirit   .     (no cloak)
rCorr  .         Warding  .     (no gloves)
rMut   .         Stasis   .     (no boots)
MR     .....                    (no amulet)
Stlth  ++........               (no ring)
                                (no ring)

@: non-regenerating, not resistant to hostile enchantments, unstealthy
A: damage resistance, recharge devices, sense surroundings 1, slow healing 3
a: Device Recharging, Renounce Religion


You were on level 3 of the Dungeon.
You worshipped Nemelex Xobeh.
Nemelex Xobeh was aware of your devotion.
You were hungry.

You visited 1 branch of the dungeon, and saw 3 of its levels.

You collected 131 gold pieces.

Inventory:

Hand weapons
 a - a +1 hand crossbow
 c - a +0 short sword (weapon)
 o - a +0 long sword
Missiles
 b - 12 bolts
 h - 3 poisoned needles
 n - 44 arrows
Armour
 d - a +1 leather armour (worn)
 g - a +0 shield (worn)
Magical devices
 e - a wand of heal wounds (0)
Scrolls
 l - a scroll of amnesia
Potions
 j - a potion of resistance
 k - a potion of degeneration {unknown}
 m - 2 potions of haste
Miscellaneous
 q - an ornate deck of war {drawn: 1}
 s - a plain deck of escape {drawn: 1}
Comestibles
 f - 5 bread rations
 p - a beef jerky
 u - 2 meat rations


   Skills:
 + Level 2.1 Fighting
 + Level 5.5 Crossbows
 + Level 1.4 Armour
 + Level 2.9 Dodging
 + Level 1.4 Stealth


You had 3 spell levels left.
You didn't know any spells.

Dungeon Overview and Level Annotations

Branches:
Dungeon (3/15)

Altars:
Gozag
Nemelex Xobeh
Okawaru


Innate Abilities, Weirdness & Mutations

You are resistant to damage.
You can recharge devices by infusing magical energy.
You passively map a small area around you.
You do not heal naturally.


Message History

The giant gecko bites you but does no damage.
The ogre closely misses you. The giant gecko closely misses you.
You hit the ogre.
The ogre is heavily wounded.
The ogre misses you. The giant gecko closely misses you.
You hit the ogre.
The ogre is heavily wounded.
The giant gecko closely misses you. The ogre barely misses you.
You block the giant gecko's attack.
You hit the ogre but do no damage.
The ogre is heavily wounded.
The ogre hits you with a giant club! You block the giant gecko's attack.
The giant gecko bites you. The ogre hits you with a giant club!
* * * LOW HITPOINT WARNING * * *
You climb downwards.
There is a stone staircase leading up here.
The giant gecko bites you. The ogre hits you with a giant club!!
Ouch! That really hurt!
You die...
Your body disappears without a glow.

#. * * . * *
. * * #. ,,,
,, #.#####,
*, * .....#
,, ,
#.###.l.##**
≈
,#.....@O.#
, ,
########.# ≈
, # , , ** *
* ,


You could see an ogre and a giant gecko.

Vanquished Creatures
  2 adders (D:2)
  An ooze (D:2)
  A giant gecko (D:1)
  8 bats
  3 giant cockroaches
  12 goblins
  7 hobgoblins
  11 jackals
  6 kobolds
  3 giant newts
  4 rats (D:1)
58 creatures vanquished.

Vanquished Creatures (collateral kills)
  An orc warrior (D:2)
  2 orc wizards (D:2)
  An ooze (D:2)
  2 orcs (D:2)
6 creatures vanquished.

Grand Total: 64 creatures vanquished

Notes
Turn   | Place    | Note
--------------------------------------------------------------
     0 | D:1      | enrike the Deep Dwarf Hunter began the quest for the Orb.
     0 | D:1      | Reached XP level 1. HP: 19/19 MP: 1/1
   157 | D:1      | Reached XP level 2. HP: 26/26 MP: 2/2
   173 | D:1      | Reached skill level 5 in Crossbows
  1528 | D:2      | Reached XP level 3. HP: 32/32 MP: 3/3
  1986 | D:2      | Found an opulent altar of Gozag.
  1995 | D:2      | Found an iron altar of Okawaru.
  2004 | D:2      | Found a sparkling altar of Nemelex Xobeh.
  2037 | D:2      | Became a worshipper of Warmaster Okawaru
  2061 | D:2      | Reached XP level 4. HP: 28/39 MP: 4/4
  2069 | D:2      | Found a faded altar to an unknown god.
  2071 | D:2      | Upgraded the game from 0.17-a0-1831-gaadb308 to 0.17-a0-1838-g891d947
  2079 | D:2      | Fell from the grace of Okawaru
  2079 | D:2      | Became a worshipper of Nemelex Xobeh the Trickster
  2079 | D:2      | Received a gift from Nemelex Xobeh
  2079 | D:2      | Received a gift from Nemelex Xobeh
  2085 | D:2      | Reached skill level 1 in Armour
  2312 | D:2      | Noticed an orc warrior
  2364 | D:2      | Killed an orc warrior
  2642 | D:2      | Noticed an ogre
  2656 | D:3      | Demolished by an ogre

Vault maps used:
D:1:      minmay_arrival_diagonal_passages, serial_curves, eino_curves_02,
          eino_curves_04
D:2:      grunt_temple_overflow_diamond, ecumenical_altar_2,
          minmay_goblin_outpost
D:3:      grunt_ministairs_4, corexii_leaking_fountain

Action                   |  1- 3 |  4- 6 || total
-------------------------+-------+-------++-------
Melee: Hand crossbow     |     4 |       ||     4
       Short sword       |    56 |    64 ||   120
 Fire: Hand crossbow     |    76 |    12 ||    88
Evoke: Wand              |     2 |     3 ||     5
       Deck              |       |     2 ||     2
  Use: Scroll            |     5 |     1 ||     6
       Potion            |       |     7 ||     7
  Eat: Meat ration       |     1 |       ||     1
